 Dungeon Crawl Stone Soup version 0.31-a0-971-g75a2e9a4b4 (webtiles) character file.

Game seed: 18295859749486166769

9 Dordric the Sneak (level 2, -2/26 HPs)
             Began as a Meteoran Delver on Oct 28, 2023.
             Slain by an adder (4 damage)
             ... on level 5 of the Dungeon.
             The game lasted 00:01:09 (113 turns).

Dordric the Sneak (Meteoran Delver)                  Turns: 113, Time: 00:01:10

Health: -2/26      AC:  3    Str: 13    XL:     2   Next: 35%
Magic:  3/3        EV: 12    Int: 11    God:
Gold:   0          SH:  0    Dex: 15    Spells: 1/1 levels left

rFire   . . .        a - +0 falchion
rCold   . . .        (no shield)
rNeg    . . .        b - +0 leather armour
rPois   .            (no helmet)
rElec   .            (no cloak)
rCorr   .            (no gloves)
SInv    .            (no boots)
Will    .....        (no amulet)
Stlth   +            (no ring)
HPRegen 0.24/turn    (no ring)
MPRegen 0.08/turn

%: no passive effects
@: glowing
A: sense surroundings 1, otherworldly, glowing, explore regen
a: no special abilities


You were on level 5 of the Dungeon.
You visited 1 branch of the dungeon, and saw 1 of its levels.

Inventory:

Hand Weapons
 a - a +0 falchion (weapon)
Armour
 b - a +0 leather armour (worn)
Wands
 g - a wand of digging (3)
Scrolls
 c - a scroll of fog
 d - a scroll of revelation
 e - a scroll of fear


   Skills:
 + Level 3.4 Fighting
 + Level 2.7 Long Blades
 + Level 2.4 Dodging
 + Level 3.8 Stealth


You had one spell level left.
You didn't know any spells.
Your spell library was empty.

Dungeon Overview and Level Annotations

Branches:
Dungeon (5/15) Zot: 499
 Temple: D:4-7

Altars:

Annotations:
D:5 Blork the orc


Innate Abilities, Weirdness & Mutations

You passively map a small area around you.
You are easily found by Zot.
You glow in the dark.
You regain HP and MP as you explore.


Message History

The adder attacks as it pursues you! The adder misses you.
The adder attacks as it pursues you! The adder closely misses you.
The adder misses you. The adder attacks as it pursues you! The adder bites you.
The howler monkey hoots and howls with incredible vigour!
The adder bites you but does no damage. The adder attacks as it pursues you!
The adder barely misses you. The adder misses you. The adder bites you.
Blork the orc comes into view.
He is wielding a +0 war axe.
The adder attacks as it pursues you! The adder bites you.
Blork the orc casts a spell at you. The magic dart hits you.
The adder bites you but does no damage. Blork the orc misses you.
You barely miss Blork the orc. The adder misses you. Blork the orc misses you.
The adder bites you.
You hit Blork the orc.
Blork the orc is lightly wounded.
Blork the orc hits you with a +0 war axe.
The adder closely misses you.
Blork the orc hits you with a +0 war axe.
You closely miss Blork the orc.
Blork the orc is lightly wounded.
The adder bites you.
* * * LOW HITPOINT WARNING * * *
Blork the orc gestures at you while chanting.
The magic dart hits you.
* * * LOW HITPOINT WARNING * * *
The adder closely misses you.
Unknown command.
You hit Blork the orc. You punch Blork the orc.
Blork the orc is moderately wounded.
The adder barely misses you.
Blork the orc looks encouraged for a moment.
You hit Blork the orc.
Blork the orc is heavily wounded.
The adder misses you.
Blork the orc gestures wildly while chanting.
Blork the orc seems to speed up.
The adder bites you.
You die...

*
*................#
* *
#.............##..#
* #.............#
#.. * *
#.##.......h..# *##
, #....s.....# **
##.#.#.##### , ,
,,,,#,#....# ** *
#########.#....##
#JYS@os...#.....#
#g######..##....#
#.# #hg..# #.# ,
#J...# #J# * #....#
#.# #....#
#g##########....#
#....J.gh.......#
##########h.....#


You could see Blork the orc (fast), an ice beast, a scorpion, a jelly, a gnoll
and an adder.

Vanquished Creatures
  An adder (D:5)
1 creature vanquished.

Notes
Turn   | Place    | Note
-------+----------+-------------------------------------------
     0 | D:5      | Dordric the Meteoran Delver began the quest for the Orb.
     0 | D:5      | Reached XP level 1. HP: 19/19 MP: 2/2
     1 | D:5      | Noticed a scorpion
    44 | D:5      | Reached XP level 2. HP: 24/26 MP: 3/3
    54 | D:5      | Noticed a howler monkey
    72 | D:5      | Noticed an ice beast
    75 | D:5      | Noticed a jelly
   105 | D:5      | Noticed Blork the orc
   111 | D:5      | HP: 1/26 [Blork the orc/magic dart (5)]
   113 | D:5      | Slain by an adder

Illustrated notes

Levels and vault maps discovered:
D:5:      layout_basic, nemelex_dance_club_becter, minmay_misc_feat_enclosed,
          kennysheep_generic_room_11, uniq_blork_the_orc

Action                     || total
---------------------------++-------
  Melee: Falchion          ||     8
         Punch             ||     1
    Use: Potion            ||     1
 Armour: Leather armour    ||    26
  Dodge: Dodged            ||    20

Table legend: (Time is in decaauts)
 A = Elapsed time spent in this place.
 B = Non-inter-level travel time spent in this place.
 C = Inter-level travel time spent in this place.
 D = Time resting spent in this place.
 E = Time spent auto-exploring this place.
 F = Levels seen in this place.
 G = Mean time per level.
                   A        B        C        D        E       F      G
               +--------+--------+--------+--------+--------+-----+--------+
         Total |     99 |     99 |      0 |      0 |      0 |   1 |   99.0 |
       Dungeon |     99 |     99 |      0 |      0 |      0 |   1 |   99.0 |
               +--------+--------+--------+--------+--------+-----+--------+

Top non-repeatable levels by time:
     D:5: 99 daAuts
